Construct Section Command Post
Construct Field Infirmary
Construct Platoon Command Post
6-pounder Anti-tank Gun Team
6-pounder Anti-tank Gun Team
Selects Canadian Shock Battlegroup
Selects Incendiary Munitions
Selects Churchill Crocodile Heavy Tank
Selects Churchill Crocodile Heavy Tank
Churchill Crocodile Heavy Tank
Selects Canadian Shock Section
Selects Offensive Resupply
Selects Canadian Shock Section